 Dungeon Crawl Stone Soup version 0.31-a0-174-g85c54bcb58 (webtiles) character file.

Game seed: 17142847701111942659

127084 qw the Severer (level 17, -2/112 HPs)
             Began as a Gargoyle Fighter on June 15, 2023.
             Was an Elder of Okawaru.
             Slain by an orc warrior
             ... wielding a +0 glaive
              (23 damage)
             ... on level 1 of the Orcish Mines.
             The game lasted 00:15:27 (25386 turns).

qw the Severer (Gargoyle Fighter)                  Turns: 25386, Time: 00:15:28

Health: -2/112     AC: 40    Str: 35    XL:     17   Next: 0%
Magic:  24/24      EV: 11    Int:  7    God:    Okawaru [****..]
Gold:   1090       SH: 14    Dex: 10    Spells: 16/16 levels left

rFire   + . .        E - +4 broad axe
rCold   . . .        g - +0 kite shield
rNeg    + . .        c - +3 plate armour {rF+}
rPois   inf          e - +2 hat
rElec   +            A - scarf {repulsion}
rCorr   .            h - +2 pair of gloves
SInv    +            r - +1 pair of boots of Honesty {Str+4 Dex+2 SInv Stlth+}
Will    ++...        (no amulet) Stlth
                     i - +4 ring of slaying {mikee}
HPRegen 0.38/turn    s - ring of willpower
MPRegen 0.19/turn

%: repel missiles
@: heroic, flying
A: sickness immunity, AC +12, big wings, negative energy resistance 1,
electricity resistance, torment resistance 1, petrification resistance, hooves
1, dopey 1, strong 1, subdued magic 1
a: Renounce Religion, Heroism, Finesse


You were on level 1 of the Orcish Mines.
You worshipped Okawaru.
Okawaru was greatly pleased with you.
You visited 4 branches of the dungeon, and saw 23 of its levels.
You also visited: Ossuary.

You collected 2575 gold pieces.
You spent 1485 gold pieces at shops.


Innate Abilities, Weirdness & Mutations

You are immune to sickness and miasma.
Your stone body is resilient. (AC +12)
You are immune to poison.
Your large and strong wings let you fly.
You resist negative energy. (rN+)
You are resistant to electric shocks. (rElec)
You are resistant to unholy torment.
You are immune to petrification.
You have large cloven feet.
You are dopey. (Int -2)
Your muscles are strong. (Str +4, Int/Dex -1)
Your spells are a little easier to cast, but a little less powerful.


   Skills:
 - Level 14.6(19.6) Fighting
 - Level 18.0(23.0) Axes
 - Level 6.0(11.0) Throwing
 + Level 9.0(14.0) Armour
 - Level 5.1(10.1) Dodging
 - Level 14.0(19.0) Shields
 - Level 10.0 Invocations


You had 16 spell levels left.
You didn't know any spells.
Your spell library was empty.

Inventory:

Hand Weapons
 q - the +12 morningstar of Inference {drain, rElec Str+3}
   (You took it off an efreet on level 15 of the Dungeon)

   Str:       It affects your strength (+3).
   rElec:     It insulates you from electricity.
 u - a +1 eveningstar of draining
 E - a +4 broad axe (weapon)
 I - the +3 war axe of Drought {holy, rElec rN++ Int-2}
   (You found it on level 15 of the Dungeon)

   Int:       It affects your intelligence (-2).
   rElec:     It insulates you from electricity.
   rN:        It greatly protects you from negative energy.
 J - a +3 morningstar of protection
 K - the +1 war axe of Ascent {protect, rCorr Str-4 Dex+3}
   (You bought it in a shop on level 2 of the Orcish Mines)

   Str:       It affects your strength (-4).
   Dex:       It affects your dexterity (+3).
   rCorr:     It protects you from acid and corrosion.
Missiles
 C - 8 boomerangs (quivered)
Armour
 a - the +1 troll leather armour "Imolell" {Regen+ rCorr Dex+3}
   (You bought it in a shop on level 2 of the Orcish Mines)

   Dex:       It affects your dexterity (+3).
   Regen:     It increases your rate of health regeneration.
   rCorr:     It protects you from acid and corrosion.
 c - a +3 plate armour of fire resistance (worn)
 e - a +2 hat (worn)
 g - a +0 kite shield (worn)
 h - a +2 pair of gloves (worn)
 r - the +1 pair of boots of Honesty (worn) {Str+4 Dex+2 SInv Stlth+}
   (You bought it in a shop on level 8 of the Dungeon)

   Str:       It affects your strength (+4).
   Dex:       It affects your dexterity (+2).
   SInv:      It lets you see invisible.
   Stlth:     It makes you more stealthy.
 A - a scarf of repulsion (worn)
 L - +0 ice dragon scales
Jewellery
 i - a +4 ring of slaying (left hand) {mikee}
 s - a ring of willpower (right hand)
 y - a ring of see invisible
Wands
 v - a wand of digging (7)
Scrolls
 o - 7 scrolls of identify
Potions
 b - 8 potions of attraction
 d - 2 potions of might
 f - a potion of lignification
 j - 10 potions of curing
 k - 3 potions of mutation
 l - a potion of magic
 n - a potion of cancellation
 p - a potion of haste
 t - 2 potions of resistance

Dungeon Overview and Level Annotations

Branches:
Dungeon (15/15)            Temple (1/1) D:7            Lair (5/5) D:9
 Shoals (0/4) Lair:2       Spider (0/4) Lair:3        Slime (0/5) Lair:5
    Orc (2/2) D:10            Elf (0/3) Orc:2        Vaults (0/5) D:14
 Depths (0/4) D:15        Ossuary (visited)

Altars:
Ashenzari
Cheibriados
Dithmenos
Elyvilon
Fedhas
Gozag
Hepliaklqana
Kikubaaqudgha
Makhleb
Nemelex Xobeh
Okawaru
Qazlal
Ru
Sif Muna
Trog
Uskayaw
Vehumet
Wu Jian
Xom
Yredelemnul
Zin
The Shining One

Shops:
D:5 !   D:8 [   D:9 =   D:13 :   Orc:2 ?(:*

Portals:
Abyss: Orc:2

Annotations:
D:12 3 runed translucent doors, qw's ghost, novice GrHu
Orc:2 2 transporters, qw's ghost, adept GrFi


Message History

a +1 antimagic mace; a +0 leather armour; an orc corpse
Enter note:
Enter note: An ogre comes into view. It is wielding a +0 giant spiked club.
You block the orc warrior's attack. You block the warg's attack.
The warg barely misses you.
You closely miss the orc knight. You slice the warg!! The warg bites you!
You slash the warg!
You kill the warg!
Okawaru accepts your kill.
You closely miss the orc knight.
The orc warrior hits you but does no damage.
You slash the orc knight!
The orc knight is moderately wounded.
You slash the orc!
You kill the orc!
You slash the orc!
You kill the orc!
You block the orc warrior's attack. The orc knight barely misses you.
You slash the orc knight!
The orc knight is heavily wounded.
You slash the orc!
You kill the orc!
You block the orc warrior's attack.
The orc knight hits you but does no damage.
You slice the orc knight!!
The orc knight is almost dead.
You slice the orc knight!!
You kill the orc knight!
Okawaru accepts your kill. You block the orc warrior's attack.
Your base Armour skill increases to level 9!
You have reached level 17!
You slice the ogre!!
You kill the ogre!
Okawaru accepts your kill.
You slash the ogre!
The orc warrior hits you from afar with a +0 glaive!!
You die...

#...........##..
#...))..#.....#.
##.##.))........
#...###)........
##..#.#)#.......
#.....))).......
^...#..)).......
#...............
###.#...@)#.....
......))O......
....#....o......
..###...........
##.........8
###.........
##..#........
#..(##.......
##....#O....


You could see an orc warrior (strong) and an ogre.

Vanquished Creatures
  Rupert (Lair:3)
  Kirke (Lair:3)
  Frances (D:12)
  Gastronok (D:8)
  A tengu reaver (D:15)
  A rockslime (shapeshifter) (D:15)
  An orc warlord (Orc:2)
  A very ugly thing (D:15)
  A crystal guardian (D:15)
  3 fire dragons (D:15)
  An ettin (D:15)
  A rakshasa (D:15)
  An ice dragon (D:15)
  A yaktaur captain (D:15)
  4 hydras
  2 ogre magi (D:15)
  A jorogumo (shapeshifter) (D:15)
  3 vault guards (D:14)
  7 two-headed ogres
  4 catoblepae
  15 centaur warriors
  4 boulder beetles
  A death knight (D:15)
  A deep troll earth mage (D:15)
  5 tengu warriors
  7 death yaks (Lair:5)
  An orc high priest (Orc:2)
  Sonja (D:11)
  Urug (D:10)
  Amaemon (Lair:2)
  10 skeletal warriors
  6 orc knights
  A steelbarb worm (shapeshifter) (D:15)
  Pikel (D:4)
  A necromancer (D:15)
  7 wizards
  13 ugly things
  7 deep elf pyromancers
  3 orc sorcerers
  7 cyclopes
  9 manticores
  4 elephants (Lair:5)
  An ice statue (Lair:5)
  2 black mambas
  A torpor snail (Lair:4)
  2 gargoyles (D:12)
  A torpor snail (shapeshifter) (D:15)
  11 cane toads
  An orange demon (Lair:2)
  2 ice devils (D:12)
  2 kobold demonologists
  2 efreet (D:15)
  5 komodo dragons
  5 freezing wraiths
  2 yaktaurs (D:15)
  3 rime drakes
  3 tengu conjurers
  11 trolls
  4 polar bears
  A wolf spider simulacrum (D:15)
  A tarantella (shapeshifter) (D:14)
  A hornet (shapeshifter) (D:15)
  2 wind drakes (shapeshifter)
  11 blink frogs
  9 dream sheep (Lair:4)
  18 slime creatures
  Sigmund (D:4)
  4 water elementals (D:11)
  A jumping spider (shapeshifter) (D:15)
  3 centaur simulacra (D:15)
  2 wyverns
  2 shadows (D:10)
  A vampire (D:12)
  3 hogs (Lair:3)
  53 yaks
  22 humans
  Eustachio (D:4)
  3 basilisks
  6 wraiths
  2 steam dragons
  4 wargs
  8 vampire mosquitoes
  13 water moccasins
  8 ice beasts
  31 orc warriors
  A sky beast (D:8)
  2 black bears
  12 ogres
  15 wolves
  22 centaurs
  2 lemures (D:4)
  3 kobold brigands
  10 bullfrogs
  6 scorpions
  10 wights
  2 electric eels
  4 howler monkeys
  A centaur zombie (Ossuary)
  4 bullfrog zombies (Ossuary)
  21 orc priests
  A human zombie (Ossuary)
  4 jellies
  3 hounds
  2 gnoll boudas
  2 iguanas (D:5)
  4 hell rats
  33 orc wizards
  3 scorpion zombies (Ossuary)
  2 ogre zombies (Ossuary)
  7 adders
  11 gnolls
  A shadow imp (D:5)
  7 white imps
  2 ufetubi
  5 adder zombies (Ossuary)
  3 worms (D:3)
  2 dart slugs
  104 orcs
  8 endoplasms
  2 giant cockroaches
  7 hobgoblins
  11 jackals
  7 quokkas
  7 ball pythons
  5 bats
  3 frilled lizards
  11 goblins
  3 goblin zombies (Ossuary)
  2 hobgoblin zombies (Ossuary)
  6 kobolds
  6 orc zombies (Ossuary)
  4 rats
805 creatures vanquished.

Vanquished Creatures (others)
  An orc priest (Orc:2)
1 creature vanquished.

Grand Total: 806 creatures vanquished

Notes
Turn   | Place    | Note
-------+----------+-------------------------------------------
     0 | D:1      | qw the Gargoyle Fighter began the quest for the Orb.
     0 | D:1      | Reached XP level 1. HP: 14/14 MP: 1/1
     0 | D:1      | 0 ||| qw: Version: 0.2-a-29-g511e9b1
     0 | D:1      | 0 ||| qw: Game counter: 5497
     0 | D:1      | 0 ||| qw: Always use a shield: true
     0 | D:1      | 0 ||| qw: God list: Okawaru
     0 | D:1      | 0 ||| qw: Allow faded altars: false
     0 | D:1      | 0 ||| qw: Do Orc after D:15 true
     0 | D:1      | 0 ||| qw: Do second Lair branch before Depths: true
     0 | D:1      | 0 ||| qw: Lair rune preference: random
     0 | D:1      | 0 ||| qw: Plans: Normal, Zot:1-4, Slime:5, God:TSO, Crypt,
                  | Tomb, Abyss, Pan, Hells, Win
     0 | D:1      | 0 ||| PLANNING D:1-11
    72 | D:1      | Reached skill level 2 in Axes
   114 | D:1      | Reached XP level 2. HP: 16/19 MP: 2/2
   524 | D:1      | 524 ||| UPGRADING to +0 chain mail.
   534 | D:1      | 534 ||| DROPPING +0 scale mail.
   535 | D:1      | 535 ||| DROPPING ring of magical power.
   536 | D:1      | 536 ||| UPGRADING to +4 ring of slaying {mikee}.
   537 | D:1      | 537 ||| READING scroll labelled AGUXIA AZODIOM.
   538 | D:1      | 538 ||| READING scroll labelled YBEIHA JENEG.
   539 | D:1      | 539 ||| DRINKING 2 fuming clear potions.
   539 | D:1      | Gained mutation: Your spells are a little easier to cast,
                  | but a little less powerful. [potion of mutation]
   539 | D:1      | Gained mutation: You have large cloven feet. [potion of
                  | mutation]
   539 | D:1      | Gained mutation: You are dopey. (Int -2) [potion of
                  | mutation]
   539 | D:1      | Gained mutation: Your muscles are strong. (Str +4, Int/Dex
                  | -1) [potion of mutation]
   559 | D:2      | Reached skill level 3 in Axes
   560 | D:2      | Reached XP level 3. HP: 23/23 MP: 3/3
   790 | D:2      | 790 ||| Stepping ~*~*~tactically~*~*~ (stealth).
   820 | D:2      | 820 ||| Stepping ~*~*~tactically~*~*~ (hiding).
   871 | D:2      | 871 ||| Stepping ~*~*~tactically~*~*~ (hiding).
   874 | D:2      | 874 ||| Stepping ~*~*~tactically~*~*~ (hiding).
   875 | D:2      | 875 ||| Stepping ~*~*~tactically~*~*~ (hiding).
  1190 | D:2      | Reached XP level 4. HP: 28/28 MP: 4/4
  1426 | D:2      | 1426 ||| Stepping ~*~*~tactically~*~*~ (stealth).
  1487 | D:2      | 1487 ||| UPGRADING to +0 pair of boots.
  1492 | D:2      | 1492 ||| READING scroll labelled TISYOT FEQULO.
  1495 | D:2      | 1495 ||| READING scroll labelled BEC USOUGH.
  1595 | D:3      | Reached skill level 4 in Axes
  2034 | D:3      | 2034 ||| READING scroll labelled NIRPHA TOKAQODDE.
  2062 | D:4      | 2062 ||| Stepping ~*~*~tactically~*~*~ (hiding).
  2064 | D:4      | 2064 ||| Stepping ~*~*~tactically~*~*~ (hiding).
  2079 | D:4      | 2079 ||| FLEEEEING.
  2080 | D:4      | 2080 ||| FLEEEEING.
  2081 | D:4      | 2081 ||| FLEEEEING.
  2082 | D:4      | 2082 ||| FLEEEEING.
  2096 | D:4      | 2096 ||| FLEEEEING.
  2097 | D:4      | 2097 ||| FLEEEEING.
  2098 | D:4      | 2098 ||| FLEEEEING.
  2099 | D:4      | 2099 ||| FLEEEEING.
  2100 | D:4      | 2100 ||| FLEEEEING.
  2110 | D:4      | Reached XP level 5. HP: 16/32 MP: 5/5
  2191 | D:4      | Noticed a lemure
  2191 | D:4      | Noticed a lemure
  2191 | D:4      | Noticed a lemure
  2195 | D:4      | Noticed a lemure
  2207 | D:4      | Killed a lemure
  2213 | D:4      | Noticed Pikel
  2218 | D:4      | Killed a lemure
  2237 | D:4      | HP: 8/32 [Pikel/+1 whip of flaming (1)]
  2244 | D:4      | Killed Pikel
  2245 | D:4      | Reached skill level 7 in Axes
  2245 | D:4      | Reached XP level 6. HP: 13/37 MP: 6/6
  2245 | D:4      | Reached XP level 7. HP: 14/41 MP: 7/7
  2245 | D:4      | 2245 ||| FLEEEEING.
  2349 | D:4      | 2349 ||| DROPPING +0 whip.
  2433 | D:4      | 2433 ||| Stepping ~*~*~tactically~*~*~ (stealth).
  2568 | D:4      | Found a hide-covered altar of Uskayaw.
  2596 | D:4      | 2596 ||| Stepping ~*~*~tactically~*~*~ (hiding).
  2723 | D:4      | Noticed Sigmund
  2723 | D:4      | Noticed Eustachio
  2724 | D:4      | 2724 ||| Stepping ~*~*~tactically~*~*~ (hiding).
  2735 | D:4      | Killed Sigmund
  2736 | D:4      | 2736 ||| Stepping ~*~*~tactically~*~*~ (hiding).
  2754 | D:4      | Reached skill level 1 in Dodging
  2762 | D:4      | 2762 ||| Stepping ~*~*~tactically~*~*~ (hiding).
  2769 | D:4      | 2769 ||| FLEEEEING.
  2777 | D:4      | Killed Eustachio
  2778 | D:4      | Reached XP level 8. HP: 42/49 MP: 8/8
  2804 | D:4      | 2804 ||| DROPPING +1 whip of flaming.
  3094 | D:4      | 3094 ||| DROPPING ring of wizardry.
  3095 | D:4      | 3095 ||| READING scroll labelled WEUBAR BOTIUK.
  3120 | D:5      | Entered Level 5 of the Dungeon
  3128 | D:5      | 3128 ||| STAIRDANCE
  3131 | D:4      | Reached skill level 8 in Axes
  3187 | D:5      | 3187 ||| Stepping ~*~*~tactically~*~*~ (stealth).
  3188 | D:5      | 3188 ||| Stepping ~*~*~tactically~*~*~ (stealth).
  3253 | D:5      | Reached skill level 6 in Fighting
  3382 | D:5      | Found Qepsa Ebashu's Distillery.
  3461 | D:5      | 3461 ||| BUYING potion of attraction (39 gold).
  3461 | D:5      | Bought a potion of attraction for 39 gold pieces
  3461 | D:5      | 3461 ||| BUYING potion of curing (39 gold).
  3461 | D:5      | Bought a potion of curing for 39 gold pieces
  3461 | D:5      | 3461 ||| BUYING potion of curing (39 gold).
  3461 | D:5      | Bought a potion of curing for 39 gold pieces
  3461 | D:5      | 3461 ||| SHOPLISTING potion of haste (130 gold, have 73).
  3461 | D:5      | 3461 ||| BUYING potion of heal wounds (65 gold).
  3461 | D:5      | Bought a potion of heal wounds for 65 gold pieces
  3461 | D:5      | 3461 ||| SHOPLISTING potion of heal wounds (65 gold, have
                  | 8).
  3461 | D:5      | 3461 ||| SHOPLISTING potion of lignification (39 gold, have
                  | 8).
  3598 | D:5      | 3598 ||| Stepping ~*~*~tactically~*~*~ (stealth).
  3606 | D:5      | Reached skill level 9 in Axes
  3635 | D:5      | 3635 ||| Stepping ~*~*~tactically~*~*~ (hiding).
  3636 | D:5      | 3636 ||| Stepping ~*~*~tactically~*~*~ (hiding).
  3848 | D:5      | Reached XP level 9. HP: 55/55 MP: 9/9
  3875 | D:5      | 3875 ||| READING scroll labelled LUXA GOSEDUID.
  3876 | D:5      | 3876 ||| READING scroll labelled NIGE ZELEICZYL.
  3877 | D:5      | 3877 ||| DRINKING 2 smoky ruby potions.
  3878 | D:5      | 3878 ||| DROPPING potion of brilliance.
  3908 | D:6      | 3908 ||| PLANNING OSSUARY
  4226 | D:6      | 4226 ||| DRINKING 5 potions of curing.
  4226 | D:6      | 4226 ||| (to cure confusion)
  4371 | D:6      | 4371 ||| Stepping ~*~*~tactically~*~*~ (hiding).
  4373 | D:6      | 4373 ||| Stepping ~*~*~tactically~*~*~ (hiding).
  4380 | D:6      | Reached skill level 1 in Throwing
  4599 | D:6      | Found a sand-covered staircase.
  4600 | D:6      | 4600 ||| UPGRADING to +4 chain mail.
  4610 | D:6      | 4610 ||| DROPPING +0 chain mail.
  4611 | D:6      | 4611 ||| READING 2 scrolls of identify.
  4611 | D:6      | 4611 ||| IDENTIFYING bubbling orange potion
  4618 | Ossuary  | Entered an ossuary
  4781 | Ossuary  | Noticed a silent spectre
  4814 | Ossuary  | 4814 ||| UPGRADING to +0 pair of gloves.
  4823 | D:6      | 4823 ||| PLANNING D:1-11
  4840 | D:6      | 4840 ||| Stepping ~*~*~tactically~*~*~ (hiding).
  4959 | D:6      | 4959 ||| FLEEEEING.
  4960 | D:6      | 4960 ||| FLEEEEING.
  4961 | D:6      | 4961 ||| FLEEEEING.
  4965 | D:6      | 4965 ||| FLEEEEING.
  4966 | D:6      | 4966 ||| FLEEEEING.
  4967 | D:6      | 4967 ||| FLEEEEING.
  4968 | D:6      | 4968 ||| FLEEEEING.
  4969 | D:6      | 4969 ||| FLEEEEING.
  4970 | D:6      | 4970 ||| FLEEEEING.
  4987 | D:6      | Reached skill level 10 in Axes
  4988 | D:6      | 4988 ||| FLEEEEING.
  4989 | D:6      | 4989 ||| FLEEEEING.
  4990 | D:6      | 4990 ||| FLEEEEING.
  4991 | D:6      | 4991 ||| FLEEEEING.
  4992 | D:6      | 4992 ||| FLEEEEING.
  4993 | D:6      | 4993 ||| FLEEEEING.
  4994 | D:6      | 4994 ||| FLEEEEING.
  4995 | D:6      | 4995 ||| FLEEEEING.
  4996 | D:6      | 4996 ||| FLEEEEING.
  4997 | D:6      | 4997 ||| FLEEEEING.
  4998 | D:6      | 4998 ||| FLEEEEING.
  4999 | D:6      | 4999 ||| FLEEEEING.
  5000 | D:6      | 5000 ||| FLEEEEING.
  5001 | D:6      | 5001 ||| FLEEEEING.
  5004 | D:6      | 5004 ||| FLEEEEING.
  5005 | D:6      | 5005 ||| FLEEEEING.
  5006 | D:6      | 5006 ||| FLEEEEING.
  5007 | D:6      | 5007 ||| FLEEEEING.
  5008 | D:6      | 5008 ||| FLEEEEING.
  5009 | D:6      | 5009 ||| FLEEEEING.
  5010 | D:6      | 5010 ||| FLEEEEING.
  5011 | D:6      | 5011 ||| FLEEEEING.
  5012 | D:6      | 5012 ||| FLEEEEING.
  5013 | D:6      | 5013 ||| FLEEEEING.
  5014 | D:6      | 5014 ||| FLEEEEING.
  5015 | D:6      | 5015 ||| FLEEEEING.
  5016 | D:6      | 5016 ||| FLEEEEING.
  5017 | D:6      | 5017 ||| FLEEEEING.
  5018 | D:6      | 5018 ||| FLEEEEING.
  5019 | D:6      | 5019 ||| FLEEEEING.
  5020 | D:6      | 5020 ||| FLEEEEING.
  5021 | D:6      | 5021 ||| STAIRDANCE
  5085 | D:5      | 5085 ||| UPGRADING to ring of see invisible.
  5086 | D:5      | 5086 ||| READING 2 scrolls labelled ZUSOET CAGAN.
  5087 | D:5      | 5087 ||| READING 3 scrolls labelled RUT INYSETOAMY.
  5088 | D:5      | 5088 ||| READING scroll labelled KUEFIO DISYUC.
  5189 | D:5      | 5189 ||| READING scroll labelled TIZORA XAARHYN.
  5190 | D:5      | 5190 ||| READING scroll labelled KAXZUA XUMAV.
  5191 | D:5      | 5191 ||| DROPPING scroll of immolation.
  5192 | D:5      | 5192 ||| DROPPING 2 scrolls of revelation.
  5392 | D:6      | 5392 ||| FLEEEEING.
  5393 | D:6      | 5393 ||| FLEEEEING.
  5395 | D:6      | 5395 ||| FLEEEEING.
  5396 | D:6      | 5396 ||| FLEEEEING.
  5397 | D:6      | 5397 ||| FLEEEEING.
  5398 | D:6      | 5398 ||| FLEEEEING.
  5399 | D:6      | 5399 ||| FLEEEEING.
  5400 | D:6      | 5400 ||| FLEEEEING.
  5401 | D:6      | 5401 ||| FLEEEEING.
  5402 | D:6      | 5402 ||| STAIRDANCE
  5458 | D:6      | 5458 ||| FLEEEEING.
  5463 | D:6      | 5463 ||| STAIRDANCE
  5694 | D:7      | 5694 ||| Stepping ~*~*~tactically~*~*~ (hiding).
  5696 | D:7      | 5696 ||| Stepping ~*~*~tactically~*~*~ (hiding).
  5868 | D:7      | Found a shadowy altar of Dithmenos.
  5877 | D:7      | Noticed a troll
  5886 | D:7      | Killed a troll
  5887 | D:7      | Reached XP level 10. HP: 57/65 MP: 10/10
  5946 | D:7      | Found a staircase to the Ecumenical Temple.
  5947 | D:7      | 5947 ||| PLANNING TEMPLE
  5947 | D:7      | 5947 ||| READING scroll labelled LOWKUL NIM.
  5956 | Temple   | Entered the Ecumenical Temple
  5991 | Temple   | 5991 ||| PLANNING OKAWARU WORSHIP
  6202 | Temple   | Became a worshipper of Warmaster Okawaru
  6203 | Temple   | 6203 ||| PLANNING D:1-11
  6439 | D:7      | 6439 ||| READING scroll of brand weapon.
  6439 | D:7      | 6439 ||| BRANDING +1 war axe of protection.
  6604 | D:8      | Noticed Gastronok
  6619 | D:8      | Killed Gastronok
  6619 | D:8      | Reached * piety under Okawaru
  6780 | D:8      | 6780 ||| INVOKING Heroism.
  6788 | D:8      | Reached skill level 11 in Axes
  6788 | D:8      | Reached skill level 1 in Invocations
  6788 | D:8      | 6788 ||| Stepping ~*~*~tactically~*~*~ (cloud).
  6983 | D:8      | Found Ekepsu's Antique Armour Emporium.
  6989 | D:8      | 6989 ||| BUYING pair of warped boots (237 gold).
  6989 | D:8      | Bought a pair of warped boots for 237 gold pieces
  6989 | D:8      | Identified the +1 pair of boots of Honesty {Str+4 Dex+2
                  | SInv Stlth+} (You bought it in a shop on level 8 of the
                  | Dungeon)
  6989 | D:8      | 6989 ||| SHOPLISTING runed plate armour (650 gold, have
                  | 24).
  7121 | D:8      | 7121 ||| DRINKING 6 potions of curing.
  7121 | D:8      | 7121 ||| (to cure confusion)
  7184 | D:8      | Reached ** piety under Okawaru
  7186 | D:8      | Reached skill level 3 in Invocations
  7193 | D:8      | Reached skill level 6 in Armour
  7295 | D:8      | 7295 ||| UPGRADING to +2 hat.
  7300 | D:8      | 7300 ||| UPGRADING to +1 pair of boots of Honesty {Str+4
                  | Dex+2 SInv Stlth+}.
  7310 | D:8      | 7310 ||| REMOVING ring of see invisible.
  7311 | D:8      | 7311 ||| DROPPING +0 pair of boots.
  7312 | D:8      | 7312 ||| READING 2 scrolls of identify.
  7312 | D:8      | 7312 ||| IDENTIFYING sedimented golden potion
  7357 | D:9      | 7357 ||| STAIRDANCE
  7400 | D:9      | 7400 ||| INVOKING Heroism.
  7415 | D:9      | Paralysed by an orc for 3 turns
  7426 | D:9      | 7426 ||| INVOKING Heroism.
  7431 | D:9      | Reached skill level 9 in Fighting
  7434 | D:9      | Reached XP level 11. HP: 23/71 MP: 11/14
  7441 | D:9      | 7441 ||| FLEEEEING.
  7447 | D:9      | 7447 ||| STAIRDANCE
  7655 | D:9      | Found a staircase to the Lair.
  7663 | D:9      | Noticed a two-headed ogre
  7664 | D:9      | 7664 ||| INVOKING Heroism.
  7675 | D:9      | Killed a two-headed ogre
  7767 | D:9      | Reached *** piety under Okawaru
  7860 | D:9      | Found a snail-covered altar of Cheibriados.
  7876 | D:9      | Found Vutzeil's Jewellery Shop.
  7885 | D:9      | 7885 ||| SHOPLISTING amulet of faith (440 gold, have 94).
  7885 | D:9      | 7885 ||| SHOPLISTING amulet of regeneration (330 gold, have
                  | 94).
  7885 | D:9      | 7885 ||| SHOPLISTING amulet of the acrobat (330 gold, have
                  | 94).
  7885 | D:9      | 7885 ||| SHOPLISTING ring "Fopehokaetism" {rF+ Str-3 Dex+3
                  | Slay+3 Stlth+} (521 gold, have 94).
  7885 | D:9      | 7885 ||| SHOPLISTING ring of positive energy (220 gold,
                  | have 94).
  7885 | D:9      | 7885 ||| SHOPLISTING ring of protection from cold (275
                  | gold, have 94).
  7885 | D:9      | 7885 ||| SHOPLISTING ring of protection from fire (275
                  | gold, have 94).
  7885 | D:9      | 7885 ||| SHOPLISTING ring of resist corrosion (220 gold,
                  | have 94).
  7885 | D:9      | 7885 ||| SHOPLISTING ring of willpower (275 gold, have 94).
  7903 | D:9      | Found a flagged portal.
  8058 | D:9      | 8058 ||| PLANNING LAIR
  8058 | D:9      | 8058 ||| DRINKING 2 fuming grey potions.
  8059 | D:9      | 8059 ||| READING 2 scrolls of identify.
  8059 | D:9      | 8059 ||| IDENTIFYING brown potion
  8060 | D:9      | 8060 ||| DROPPING potion of degeneration.
  8085 | Lair:1   | Entered Level 1 of the Lair of Beasts
  8090 | Lair:1   | 8090 ||| INVOKING Heroism.
  8121 | Lair:1   | 8121 ||| STAIRDANCE
  8123 | D:9      | 8123 ||| INVOKING Heroism.
  8130 | D:9      | Reached skill level 12 in Axes
  8274 | Lair:1   | 8274 ||| INVOKING Heroism.
  8409 | Lair:1   | 8409 ||| READING scroll of enchant weapon.
  8409 | Lair:1   | 8409 ||| ENCHANTING +1 war axe of venom.
  8430 | Lair:1   | 8430 ||| Stepping ~*~*~tactically~*~*~ (hiding).
  8646 | Lair:1   | 8646 ||| READING scroll of enchant armour.
  8646 | Lair:1   | 8646 ||| ENCHANTING +0 pair of gloves.
  8700 | Lair:1   | 8700 ||| Stepping ~*~*~tactically~*~*~ (stealth).
  8701 | Lair:1   | 8701 ||| INVOKING Heroism.
  8714 | Lair:1   | Reached skill level 3 in Throwing
  8715 | Lair:1   | Reached skill level 6 in Shields
  8836 | Lair:1   | 8836 ||| INVOKING Heroism.
  9017 | Lair:1   | 9017 ||| DRINKING 4 metallic dark potions.
  9018 | Lair:1   | 9018 ||| READING 3 scrolls of identify.
  9018 | Lair:1   | 9018 ||| IDENTIFYING silvery potion
  9019 | Lair:1   | 9019 ||| READING 2 scrolls of identify.
  9019 | Lair:1   | 9019 ||| IDENTIFYING fuming golden potion
  9020 | Lair:1   | 9020 ||| DROPPING 3 potions of enlightenment.
  9021 | Lair:1   | 9021 ||| DROPPING potion of berserk rage.
  9321 | Lair:2   | 9321 ||| INVOKING Heroism.
  9324 | Lair:2   | Noticed Amaemon
  9337 | Lair:2   | Killed Amaemon
  9337 | Lair:2   | Reached **** piety under Okawaru
  9456 | Lair:2   | Found a staircase to the Shoals.
  9469 | Lair:2   | 9469 ||| INVOKING Heroism.
  9509 | Lair:2   | 9509 ||| INVOKING Heroism.
  9519 | Lair:2   | Reached XP level 12. HP: 66/77 MP: 13/15
  9588 | Lair:2   | Received a gift from Okawaru
  9699 | Lair:2   | Noticed a four-headed hydra
  9700 | Lair:2   | 9700 ||| INVOKING Heroism.
  9704 | Lair:2   | Killed a four-headed hydra
  9705 | Lair:2   | Reached skill level 13 in Axes
  9864 | Lair:2   | 9864 ||| INVOKING Heroism.
  9869 | Lair:2   | Reached skill level 6 in Invocations
 10079 | Lair:2   | 10079 ||| INVOKING Heroism.
 10203 | Lair:2   | 10203 ||| UPGRADING to ring of willpower.
 10237 | Lair:3   | Reached skill level 3 in Dodging
 10312 | Lair:3   | 10312 ||| Stepping ~*~*~tactically~*~*~ (stealth).
 10315 | Lair:3   | 10315 ||| Stepping ~*~*~tactically~*~*~ (stealth).
 10317 | Lair:3   | 10317 ||| Stepping ~*~*~tactically~*~*~ (stealth).
 10417 | Lair:3   | Noticed Rupert
 10418 | Lair:3   | 10418 ||| INVOKING Heroism.
 10431 | Lair:3   | HP: 8/77 [Rupert/+6 great sword of flaming (17)]
 10432 | Lair:3   | 10432 ||| READING 5 scrolls of teleportation.
 10433 | Lair:3   | 10433 ||| DRINKING 5 potions of heal wounds.
 10436 | Lair:3   | Killed Rupert
 10834 | Lair:3   | Found a hole to the Spider Nest.
 10850 | Lair:3   | 10850 ||| READING scroll labelled JONOIRGH YLLUP.
 10852 | Lair:3   | 10852 ||| INVOKING Heroism.
 10950 | Lair:3   | 10950 ||| INVOKING Heroism.
 11134 | Lair:3   | Noticed Kirke
 11135 | Lair:3   | 11135 ||| INVOKING Heroism.
 11150 | Lair:3   | Killed Kirke
 11273 | Lair:4   | 11273 ||| Stepping ~*~*~tactically~*~*~ (stealth).
 11274 | Lair:4   | 11274 ||| Stepping ~*~*~tactically~*~*~ (stealth).
 11277 | Lair:4   | Received a gift from Okawaru
 11304 | Lair:4   | Received a gift from Okawaru
 11417 | Lair:4   | 11417 ||| READING scroll of enchant weapon.
 11417 | Lair:4   | 11417 ||| ENCHANTING +2 war axe of venom.
 11418 | Lair:4   | 11418 ||| DROPPING +0 war axe of electrocution.
 11488 | Lair:4   | 11488 ||| INVOKING Heroism.
 11683 | Lair:4   | 11683 ||| Stepping ~*~*~tactically~*~*~ (stealth).
 11686 | Lair:4   | 11686 ||| Stepping ~*~*~tactically~*~*~ (stealth).
 11688 | Lair:4   | Reached skill level 14 in Axes
 11698 | Lair:4   | Reached skill level 9 in Invocations
 11698 | Lair:4   | Reached XP level 13. HP: 82/82 MP: 19/19
 11858 | Lair:4   | 11858 ||| INVOKING Heroism.
 12294 | Lair:4   | Identified the +3 ring mail "Kasumm" {rF+ rC+ Slay+3}
 12307 | Lair:4   | 12307 ||| UPGRADING to +3 ring mail "Kasumm" {rF+ rC+
                  | Slay+3}.
 12376 | Lair:5   | Entered Level 5 of the Lair of Beasts
 12383 | Lair:5   | 12383 ||| Stepping ~*~*~tactically~*~*~ (stealth).
 12384 | Lair:5   | 12384 ||| Stepping ~*~*~tactically~*~*~ (stealth).
 12442 | Lair:5   | Reached ***** piety under Okawaru
 12553 | Lair:5   | 12553 ||| INVOKING Heroism.
 12554 | Lair:5   | 12554 ||| Stepping ~*~*~tactically~*~*~ (water).
 12555 | Lair:5   | 12555 ||| INVOKING Finesse.
 12561 | Lair:5   | 12561 ||| Stepping ~*~*~tactically~*~*~ (cloud).
 12607 | Lair:5   | 12607 ||| INVOKING Heroism.
 12625 | Lair:5   | HP: 17/83 [komodo dragon (15)]
 12626 | Lair:5   | 12626 ||| READING 4 scrolls of teleportation.
 12627 | Lair:5   | 12627 ||| DRINKING 4 potions of heal wounds.
 12665 | Lair:5   | 12665 ||| INVOKING Heroism.
 12804 | Lair:5   | 12804 ||| INVOKING Heroism.
 12902 | Lair:5   | 12902 ||| FLEEEEING.
 12903 | Lair:5   | 12903 ||| FLEEEEING.
 12905 | Lair:5   | 12905 ||| FLEEEEING.
 12914 | Lair:5   | Received a gift from Okawaru
 12929 | Lair:5   | 12929 ||| FLEEEEING.
 12930 | Lair:5   | 12930 ||| FLEEEEING.
 12931 | Lair:5   | 12931 ||| FLEEEEING.
 12932 | Lair:5   | 12932 ||| FLEEEEING.
 12933 | Lair:5   | 12933 ||| FLEEEEING.
 12934 | Lair:5   | 12934 ||| FLEEEEING.
 12935 | Lair:5   | 12935 ||| FLEEEEING.
 12936 | Lair:5   | 12936 ||| FLEEEEING.
 12937 | Lair:5   | 12937 ||| STAIRDANCE
 12941 | Lair:5   | 12941 ||| STAIRDANCE
 12943 | Lair:4   | 12943 ||| INVOKING Heroism.
 13057 | Lair:5   | Found a staircase to the Slime Pits.
 13067 | Lair:5   | 13067 ||| INVOKING Heroism.
 13113 | Lair:5   | 13113 ||| Stepping ~*~*~tactically~*~*~ (stealth).
 13115 | Lair:5   | 13115 ||| Stepping ~*~*~tactically~*~*~ (stealth).
 13117 | Lair:5   | 13117 ||| Stepping ~*~*~tactically~*~*~ (stealth).
 13119 | Lair:5   | 13119 ||| Stepping ~*~*~tactically~*~*~ (stealth).
 13121 | Lair:5   | 13121 ||| Stepping ~*~*~tactically~*~*~ (stealth).
 13123 | Lair:5   | 13123 ||| Stepping ~*~*~tactically~*~*~ (stealth).
 13125 | Lair:5   | 13125 ||| Stepping ~*~*~tactically~*~*~ (stealth).
 13127 | Lair:5   | 13127 ||| Stepping ~*~*~tactically~*~*~ (stealth).
 13129 | Lair:5   | 13129 ||| Stepping ~*~*~tactically~*~*~ (stealth).
 13131 | Lair:5   | 13131 ||| Stepping ~*~*~tactically~*~*~ (stealth).
 13133 | Lair:5   | 13133 ||| Stepping ~*~*~tactically~*~*~ (stealth).
 13135 | Lair:5   | 13135 ||| Stepping ~*~*~tactically~*~*~ (stealth).
 13139 | Lair:5   | 13139 ||| Stepping ~*~*~tactically~*~*~ (stealth).
 13151 | Lair:5   | 13151 ||| INVOKING Heroism.
 13160 | Lair:5   | Received a gift from Okawaru
 13167 | Lair:5   | 13167 ||| INVOKING Heroism.
 13176 | Lair:5   | Received a gift from Okawaru
 13179 | Lair:5   | 13179 ||| Stepping ~*~*~tactically~*~*~ (hiding).
 13372 | Lair:5   | 13372 ||| INVOKING Heroism.
 13423 | Lair:5   | 13423 ||| Stepping ~*~*~tactically~*~*~ (stealth).
 13488 | Lair:5   | 13488 ||| INVOKING Heroism.
 13501 | Lair:5   | 13501 ||| Stepping ~*~*~tactically~*~*~ (stealth).
 13503 | Lair:5   | 13503 ||| Stepping ~*~*~tactically~*~*~ (stealth).
 13505 | Lair:5   | 13505 ||| Stepping ~*~*~tactically~*~*~ (stealth).
 13507 | Lair:5   | 13507 ||| Stepping ~*~*~tactically~*~*~ (stealth).
 13509 | Lair:5   | 13509 ||| Stepping ~*~*~tactically~*~*~ (hiding).
 13588 | Lair:5   | 13588 ||| Stepping ~*~*~tactically~*~*~ (stealth).
 13589 | Lair:5   | 13589 ||| INVOKING Heroism.
 13590 | Lair:5   | 13590 ||| Stepping ~*~*~tactically~*~*~ (hiding).
 13617 | Lair:5   | Received a gift from Okawaru
 13626 | Lair:5   | Reached skill level 15 in Axes
 13627 | Lair:5   | 13627 ||| INVOKING Heroism.
 13673 | Lair:5   | 13673 ||| INVOKING Heroism.
 13920 | Lair:5   | Gained mutation: Your large and strong wings let you fly.
                  | [Gargoyle growth]
 13920 | Lair:5   | Reached XP level 14. HP: 79/91 MP: 21/21
 13922 | Lair:5   | Reached skill level 12 in Fighting
 14041 | Lair:5   | 14041 ||| Stepping ~*~*~tactically~*~*~ (stealth).
 14046 | Lair:5   | 14046 ||| Stepping ~*~*~tactically~*~*~ (stealth).
 14221 | Lair:5   | 14221 ||| PLANNING D:1-11
 14324 | D:10     | Entered Level 10 of the Dungeon
 14347 | D:10     | Noticed Urug
 14348 | D:10     | 14348 ||| INVOKING Heroism.
 14365 | D:10     | Killed Urug
 14422 | D:10     | Identified the +5 trident of Malum Prohibitum {drain, rElec
                  | rF+}
 14456 | D:10     | 14456 ||| Stepping ~*~*~tactically~*~*~ (hiding).
 14472 | D:10     | 14472 ||| Stepping ~*~*~tactically~*~*~ (stealth).
 14479 | D:10     | 14479 ||| Stepping ~*~*~tactically~*~*~ (stealth).
 14497 | D:10     | 14497 ||| Stepping ~*~*~tactically~*~*~ (hiding).
 14499 | D:10     | 14499 ||| Stepping ~*~*~tactically~*~*~ (stealth).
 14511 | D:10     | 14511 ||| Stepping ~*~*~tactically~*~*~ (hiding).
 14512 | D:10     | 14512 ||| Stepping ~*~*~tactically~*~*~ (hiding).
 14530 | D:10     | 14530 ||| Stepping ~*~*~tactically~*~*~ (stealth).
 14542 | D:10     | 14542 ||| FLEEEEING.
 14543 | D:10     | 14543 ||| FLEEEEING.
 14544 | D:10     | 14544 ||| FLEEEEING.
 14580 | D:10     | 14580 ||| Stepping ~*~*~tactically~*~*~ (stealth).
 14594 | D:10     | Found a staircase to the Orcish Mines.
 14620 | D:10     | 14620 ||| Stepping ~*~*~tactically~*~*~ (stealth).
 14660 | D:10     | 14660 ||| Stepping ~*~*~tactically~*~*~ (stealth).
 14663 | D:10     | Received a gift from Okawaru
 14713 | D:10     | 14713 ||| Stepping ~*~*~tactically~*~*~ (stealth).
 14716 | D:10     | 14716 ||| Stepping ~*~*~tactically~*~*~ (hiding).
 14721 | D:10     | 14721 ||| Stepping ~*~*~tactically~*~*~ (hiding).
 14764 | D:10     | 14764 ||| Stepping ~*~*~tactically~*~*~ (stealth).
 14766 | D:10     | 14766 ||| Stepping ~*~*~tactically~*~*~ (hiding).
 14788 | D:10     | 14788 ||| Stepping ~*~*~tactically~*~*~ (hiding).
 14789 | D:10     | 14789 ||| Stepping ~*~*~tactically~*~*~ (hiding).
 14790 | D:10     | 14790 ||| Stepping ~*~*~tactically~*~*~ (hiding).
 14974 | D:10     | 14974 ||| Stepping ~*~*~tactically~*~*~ (stealth).
 14976 | D:10     | 14976 ||| Stepping ~*~*~tactically~*~*~ (stealth).
 14978 | D:10     | 14978 ||| Stepping ~*~*~tactically~*~*~ (stealth).
 14980 | D:10     | 14980 ||| Stepping ~*~*~tactically~*~*~ (stealth).
 15010 | D:10     | Found a sparkling altar of Nemelex Xobeh.
 15010 | D:10     | Found a white marble altar of Elyvilon.
 15018 | D:10     | Found a broken altar of Ashenzari.
 15020 | D:10     | Found an ancient bone altar of Kikubaaqudgha.
 15022 | D:10     | Found a sacrificial altar of Ru.
 15187 | D:10     | 15187 ||| UPGRADING to scarf of repulsion.
 15243 | D:11     | Noticed Sonja
 15244 | D:11     | 15244 ||| INVOKING Finesse.
 15260 | D:11     | Killed Sonja
 15378 | D:11     | 15378 ||| FLEEEEING.
 15379 | D:11     | 15379 ||| FLEEEEING.
 15380 | D:11     | 15380 ||| FLEEEEING.
 15381 | D:11     | 15381 ||| FLEEEEING.
 15385 | D:11     | 15385 ||| FLEEEEING.
 15387 | D:11     | 15387 ||| FLEEEEING.
 15391 | D:11     | 15391 ||| FLEEEEING.
 15392 | D:11     | 15392 ||| FLEEEEING.
 15393 | D:11     | 15393 ||| FLEEEEING.
 15395 | D:11     | 15395 ||| STAIRDANCE
 15504 | D:11     | 15504 ||| INVOKING Heroism.
 15718 | D:11     | 15718 ||| Stepping ~*~*~tactically~*~*~ (stealth).
 16043 | D:11     | 16043 ||| PLANNING D
 16043 | D:11     | 16043 ||| READING scroll labelled ANKO FIJODERPHI.
 16109 | D:12     | Found a runed translucent gate.
 16109 | D:12     | Found a runed translucent gate.
 16109 | D:12     | Found a runed translucent gate.
 16116 | D:12     | 16116 ||| INVOKING Heroism.
 16118 | D:12     | Noticed Frances
 16134 | D:12     | HP: 17/92 [Frances/+0 mace (14)]
 16135 | D:12     | 16135 ||| READING 6 scrolls of teleportation.
 16135 | D:12     | HP: 8/92 [skeletal warrior/+0 flail (9)]
 16136 | D:12     | 16136 ||| DRINKING 5 potions of heal wounds.
 16137 | D:12     | 16137 ||| DRINKING 4 potions of heal wounds.
 16138 | D:12     | 16138 ||| DRINKING 3 potions of heal wounds.
 16140 | D:12     | Received a gift from Okawaru
 16141 | D:12     | Reached skill level 16 in Axes
 16156 | D:12     | Killed Frances
 16189 | D:12     | 16189 ||| INVOKING Heroism.
 16215 | D:12     | 16215 ||| Stepping ~*~*~tactically~*~*~ (stealth).
 16216 | D:12     | 16216 ||| Stepping ~*~*~tactically~*~*~ (hiding).
 16223 | D:12     | 16223 ||| INVOKING Heroism.
 16289 | D:12     | 16289 ||| Stepping ~*~*~tactically~*~*~ (stealth).
 16293 | D:12     | 16293 ||| Stepping ~*~*~tactically~*~*~ (stealth).
 16294 | D:12     | 16294 ||| Stepping ~*~*~tactically~*~*~ (stealth).
 16295 | D:12     | 16295 ||| INVOKING Heroism.
 16296 | D:12     | 16296 ||| Stepping ~*~*~tactically~*~*~ (stealth).
 16297 | D:12     | 16297 ||| Stepping ~*~*~tactically~*~*~ (stealth).
 16298 | D:12     | 16298 ||| Stepping ~*~*~tactically~*~*~ (stealth).
 16323 | D:12     | 16323 ||| Stepping ~*~*~tactically~*~*~ (stealth).
 16333 | D:12     | 16333 ||| Stepping ~*~*~tactically~*~*~ (stealth).
 16334 | D:12     | 16334 ||| INVOKING Heroism.
 16335 | D:12     | 16335 ||| Stepping ~*~*~tactically~*~*~ (stealth).
 16336 | D:12     | 16336 ||| Stepping ~*~*~tactically~*~*~ (stealth).
 16337 | D:12     | 16337 ||| Stepping ~*~*~tactically~*~*~ (stealth).
 16339 | D:12     | 16339 ||| Stepping ~*~*~tactically~*~*~ (stealth).
 16340 | D:12     | 16340 ||| Stepping ~*~*~tactically~*~*~ (stealth).
 16341 | D:12     | 16341 ||| Stepping ~*~*~tactically~*~*~ (stealth).
 16353 | D:12     | Received a gift from Okawaru
 16379 | D:12     | 16379 ||| INVOKING Heroism.
 16470 | D:12     | 16470 ||| Stepping ~*~*~tactically~*~*~ (stealth).
 16473 | D:12     | 16473 ||| Stepping ~*~*~tactically~*~*~ (stealth).
 16477 | D:12     | 16477 ||| Stepping ~*~*~tactically~*~*~ (stealth).
 16478 | D:12     | 16478 ||| Stepping ~*~*~tactically~*~*~ (stealth).
 16479 | D:12     | 16479 ||| Stepping ~*~*~tactically~*~*~ (stealth).
 16480 | D:12     | 16480 ||| Stepping ~*~*~tactically~*~*~ (stealth).
 16683 | D:12     | Identified the +0 plate armour "Voqate" {rC+ rN+}
 16683 | D:12     | Noticed qw's ghost (novice GrHu)
 16684 | D:12     | Identified the +10 great mace "Osmizen" {spect, Int+4}
 16704 | D:12     | 16704 ||| Stepping ~*~*~tactically~*~*~ (stealth).
 16742 | D:12     | Found an iron altar of Okawaru.
 16853 | D:12     | Found a frozen archway.
 16931 | D:12     | 16931 ||| DROPPING +1 chain mail of fire resistance.
 16988 | D:13     | 16988 ||| Stepping ~*~*~tactically~*~*~ (stealth).
 16990 | D:13     | 16990 ||| Stepping ~*~*~tactically~*~*~ (hiding).
 16991 | D:13     | 16991 ||| Stepping ~*~*~tactically~*~*~ (hiding).
 16995 | D:13     | 16995 ||| Stepping ~*~*~tactically~*~*~ (hiding).
 17092 | D:13     | 17092 ||| Stepping ~*~*~tactically~*~*~ (stealth).
 17190 | D:13     | 17190 ||| READING 7 scrolls of teleportation.
 17191 | D:13     | 17191 ||| INVOKING Heroism.
 17212 | D:13     | 17212 ||| Stepping ~*~*~tactically~*~*~ (stealth).
 17213 | D:13     | 17213 ||| Stepping ~*~*~tactically~*~*~ (stealth).
 17216 | D:13     | 17216 ||| Stepping ~*~*~tactically~*~*~ (hiding).
 17218 | D:13     | 17218 ||| Stepping ~*~*~tactically~*~*~ (hiding).
 17228 | D:13     | Reached skill level 9 in Shields
 17228 | D:13     | 17228 ||| FLEEEEING.
 17229 | D:13     | 17229 ||| FLEEEEING.
 17235 | D:13     | 17235 ||| STAIRDANCE
 17477 | D:13     | Found Fooschizeo's Book Emporium.
 17487 | D:13     | Reached skill level 6 in Throwing
 17492 | D:13     | Reached XP level 15. HP: 86/99 MP: 22/22
 17563 | D:13     | 17563 ||| Stepping ~*~*~tactically~*~*~ (stealth).
 17653 | D:13     | 17653 ||| FLEEEEING.
 17939 | D:14     | 17939 ||| Stepping ~*~*~tactically~*~*~ (stealth).
 17941 | D:14     | 17941 ||| Stepping ~*~*~tactically~*~*~ (stealth).
 17949 | D:14     | 17949 ||| Stepping ~*~*~tactically~*~*~ (stealth).
 17967 | D:14     | 17967 ||| INVOKING Heroism.
 18314 | D:14     | 18314 ||| Stepping ~*~*~tactically~*~*~ (hiding).
 18435 | D:14     | 18435 ||| INVOKING Heroism.
 18586 | D:14     | 18586 ||| Stepping ~*~*~tactically~*~*~ (stealth).
 18588 | D:14     | 18588 ||| Stepping ~*~*~tactically~*~*~ (stealth).
 18593 | D:14     | 18593 ||| Stepping ~*~*~tactically~*~*~ (stealth).
 18635 | D:14     | 18635 ||| DROPPING +1 war axe of venom.
 18666 | D:14     | 18666 ||| INVOKING Heroism.
 18772 | D:14     | 18772 ||| UPGRADING to +0 broad axe.
 18773 | D:14     | 18773 ||| DROPPING +3 war axe of venom.
 18929 | D:14     | 18929 ||| READING scroll of enchant weapon.
 18929 | D:14     | 18929 ||| ENCHANTING +0 broad axe.
 18933 | D:14     | Found a gate to the Vaults.
 18939 | D:14     | 18939 ||| INVOKING Heroism.
 18943 | D:14     | Received a gift from Okawaru
 18947 | D:14     | HP: 25/101 [wizard/+0 dagger (3)]
 18948 | D:14     | 18948 ||| READING 6 scrolls of teleportation.
 18949 | D:14     | 18949 ||| DRINKING 2 potions of heal wounds.
 18951 | D:14     | 18951 ||| DRINKING potion of heal wounds.
 19192 | D:14     | 19192 ||| Stepping ~*~*~tactically~*~*~ (stealth).
 19194 | D:14     | 19194 ||| Stepping ~*~*~tactically~*~*~ (stealth).
 19218 | D:14     | 19218 ||| Stepping ~*~*~tactically~*~*~ (stealth).
 19220 | D:14     | 19220 ||| Stepping ~*~*~tactically~*~*~ (stealth).
 19229 | D:14     | 19229 ||| Stepping ~*~*~tactically~*~*~ (stealth).
 19231 | D:14     | 19231 ||| Stepping ~*~*~tactically~*~*~ (hiding).
 19239 | D:14     | Received a gift from Okawaru
 19517 | D:14     | 19517 ||| Stepping ~*~*~tactically~*~*~ (hiding).
 19518 | D:14     | 19518 ||| FLEEEEING.
 19533 | D:14     | 19533 ||| Stepping ~*~*~tactically~*~*~ (hiding).
 19535 | D:14     | 19535 ||| Stepping ~*~*~tactically~*~*~ (hiding).
 19537 | D:14     | 19537 ||| Stepping ~*~*~tactically~*~*~ (hiding).
 19905 | D:14     | 19905 ||| UPGRADING to +0 kite shield.
 19915 | D:14     | 19915 ||| DROPPING +0 buckler.
 19934 | D:15     | Entered Level 15 of the Dungeon
 19936 | D:15     | 19936 ||| Stepping ~*~*~tactically~*~*~ (stealth).
 19938 | D:15     | 19938 ||| Stepping ~*~*~tactically~*~*~ (stealth).
 19940 | D:15     | 19940 ||| Stepping ~*~*~tactically~*~*~ (hiding).
 19996 | D:15     | 19996 ||| Stepping ~*~*~tactically~*~*~ (stealth).
 19999 | D:15     | 19999 ||| INVOKING Heroism.
 20001 | D:15     | 20001 ||| SWAPPING to +1 eveningstar of draining.
 20031 | D:15     | 20031 ||| UPGRADING to +1 broad axe.
 20042 | D:15     | 20042 ||| Stepping ~*~*~tactically~*~*~ (hiding).
 20043 | D:15     | 20043 ||| Stepping ~*~*~tactically~*~*~ (hiding).
 20045 | D:15     | 20045 ||| Stepping ~*~*~tactically~*~*~ (hiding).
 20046 | D:15     | 20046 ||| Stepping ~*~*~tactically~*~*~ (hiding).
 20047 | D:15     | 20047 ||| Stepping ~*~*~tactically~*~*~ (hiding).
 20177 | D:15     | 20177 ||| FLEEEEING.
 20235 | D:15     | 20235 ||| Stepping ~*~*~tactically~*~*~ (stealth).
 20319 | D:15     | 20319 ||| FLEEEEING.
 20320 | D:15     | 20320 ||| FLEEEEING.
 20321 | D:15     | 20321 ||| FLEEEEING.
 20322 | D:15     | 20322 ||| FLEEEEING.
 20323 | D:15     | 20323 ||| FLEEEEING.
 20324 | D:15     | 20324 ||| FLEEEEING.
 20325 | D:15     | 20325 ||| FLEEEEING.
 20326 | D:15     | 20326 ||| FLEEEEING.
 20327 | D:15     | 20327 ||| FLEEEEING.
 20328 | D:15     | 20328 ||| FLEEEEING.
 20329 | D:15     | 20329 ||| FLEEEEING.
 20330 | D:15     | 20330 ||| FLEEEEING.
 20331 | D:15     | 20331 ||| FLEEEEING.
 20332 | D:15     | 20332 ||| FLEEEEING.
 20333 | D:15     | 20333 ||| FLEEEEING.
 20334 | D:15     | 20334 ||| FLEEEEING.
 20335 | D:15     | 20335 ||| FLEEEEING.
 20336 | D:15     | 20336 ||| FLEEEEING.
 20337 | D:15     | 20337 ||| FLEEEEING.
 20338 | D:15     | 20338 ||| FLEEEEING.
 20339 | D:15     | 20339 ||| FLEEEEING.
 20340 | D:15     | 20340 ||| FLEEEEING.
 20341 | D:15     | 20341 ||| FLEEEEING.
 20343 | D:15     | 20343 ||| FLEEEEING.
 20344 | D:15     | 20344 ||| FLEEEEING.
 20379 | D:15     | 20379 ||| Stepping ~*~*~tactically~*~*~ (stealth).
 20392 | D:15     | Received a gift from Okawaru
 20439 | D:15     | 20439 ||| Stepping ~*~*~tactically~*~*~ (stealth).
 20442 | D:15     | 20442 ||| Stepping ~*~*~tactically~*~*~ (stealth).
 20506 | D:15     | 20506 ||| Stepping ~*~*~tactically~*~*~ (stealth).
 20508 | D:15     | 20508 ||| Stepping ~*~*~tactically~*~*~ (stealth).
 20514 | D:15     | Found a sacrificial altar of Ru.
 20515 | D:15     | Found a snail-covered altar of Cheibriados.
 20516 | D:15     | Found a sacrificial altar of Ru.
 20543 | D:15     | 20543 ||| INVOKING Heroism.
 20707 | D:15     | 20707 ||| Stepping ~*~*~tactically~*~*~ (hiding).
 20709 | D:15     | 20709 ||| Stepping ~*~*~tactically~*~*~ (hiding).
 20710 | D:15     | 20710 ||| Stepping ~*~*~tactically~*~*~ (stealth).
 20715 | D:15     | Received a gift from Okawaru
 20755 | D:15     | 20755 ||| Stepping ~*~*~tactically~*~*~ (hiding).
 20769 | D:15     | 20769 ||| INVOKING Heroism.
 20849 | D:15     | 20849 ||| Stepping ~*~*~tactically~*~*~ (stealth).
 20871 | D:15     | 20871 ||| Stepping ~*~*~tactically~*~*~ (hiding).
 20878 | D:15     | 20878 ||| INVOKING Heroism.
 20880 | D:15     | Noticed a tengu reaver
 20881 | D:15     | HP: 18/101 [mirror damage (10)]
 20882 | D:15     | 20882 ||| Stepping ~*~*~tactically~*~*~ (hiding).
 20884 | D:15     | 20884 ||| READING 5 scrolls of teleportation.
 20893 | D:15     | 20893 ||| READING 4 scrolls of teleportation.
 20896 | D:15     | HP: 16/101 [efreet/bolt of fire (8)]
 20898 | D:15     | 20898 ||| READING 3 scrolls of teleportation.
 20901 | D:15     | HP: 9/101 [centaur warrior (2)]
 20905 | D:15     | 20905 ||| Stepping ~*~*~tactically~*~*~ (stealth).
 20922 | D:15     | 20922 ||| Stepping ~*~*~tactically~*~*~ (stealth).
 20959 | D:15     | 20959 ||| Stepping ~*~*~tactically~*~*~ (stealth).
 20960 | D:15     | 20960 ||| Stepping ~*~*~tactically~*~*~ (stealth).
 20961 | D:15     | 20961 ||| INVOKING Heroism.
 20962 | D:15     | 20962 ||| FLEEEEING.
 20963 | D:15     | 20963 ||| Stepping ~*~*~tactically~*~*~ (stealth).
 20967 | D:15     | 20967 ||| Stepping ~*~*~tactically~*~*~ (hiding).
 20995 | D:15     | 20995 ||| FLEEEEING.
 21197 | D:15     | 21197 ||| UPGRADING to +4 broad axe.
 21198 | D:15     | 21198 ||| DROPPING +1 broad axe.
 21215 | D:15     | 21215 ||| INVOKING Heroism.
 21228 | D:15     | Killed a tengu reaver
 21229 | D:15     | Reached XP level 16. HP: 58/107 MP: 23/23
 21230 | D:15     | Identified the +9 hand axe of Slow Death {freeze, rCorr}
                  | (Okawaru gifted it to you on level 15 of the Dungeon)
 21230 | D:15     | Received a gift from Okawaru
 21231 | D:15     | Reached skill level 12 in Shields
 21367 | D:15     | 21367 ||| READING 3 scrolls of enchant armour.
 21367 | D:15     | 21367 ||| ENCHANTING +1 pair of gloves.
 21378 | D:15     | 21378 ||| Stepping ~*~*~tactically~*~*~ (stealth).
 21382 | D:15     | 21382 ||| Stepping ~*~*~tactically~*~*~ (hiding).
 21387 | D:15     | 21387 ||| INVOKING Heroism.
 21446 | D:15     | 21446 ||| Stepping ~*~*~tactically~*~*~ (stealth).
 21448 | D:15     | 21448 ||| Stepping ~*~*~tactically~*~*~ (stealth).
 21450 | D:15     | 21450 ||| Stepping ~*~*~tactically~*~*~ (hiding).
 21451 | D:15     | 21451 ||| Stepping ~*~*~tactically~*~*~ (hiding).
 21452 | D:15     | 21452 ||| Stepping ~*~*~tactically~*~*~ (hiding).
 21453 | D:15     | 21453 ||| INVOKING Heroism.
 21454 | D:15     | 21454 ||| INVOKING Finesse.
 21464 | D:15     | 21464 ||| SWAPPING to +1 eveningstar of draining.
 21471 | D:15     | 21471 ||| Stepping ~*~*~tactically~*~*~ (stealth).
 21567 | D:15     | 21567 ||| UPGRADING to +9 hand axe of Slow Death {freeze,
                  | rCorr}.
 21568 | D:15     | 21568 ||| UPGRADING to +4 broad axe.
 21576 | D:15     | 21576 ||| Stepping ~*~*~tactically~*~*~ (stealth).
 21578 | D:15     | 21578 ||| INVOKING Heroism.
 21585 | D:15     | 21585 ||| SWAPPING to +1 eveningstar of draining.
 21613 | D:15     | 21613 ||| INVOKING Heroism.
 21618 | D:15     | 21618 ||| UPGRADING to +9 hand axe of Slow Death {freeze,
                  | rCorr}.
 21619 | D:15     | 21619 ||| UPGRADING to +4 broad axe.
 21647 | D:15     | 21647 ||| Stepping ~*~*~tactically~*~*~ (stealth).
 21649 | D:15     | 21649 ||| Stepping ~*~*~tactically~*~*~ (hiding).
 21675 | D:15     | 21675 ||| DROPPING +0 flail.
 21689 | D:15     | 21689 ||| INVOKING Heroism.
 21690 | D:15     | 21690 ||| SWAPPING to +1 eveningstar of draining.
 21695 | D:15     | 21695 ||| UPGRADING to +9 hand axe of Slow Death {freeze,
                  | rCorr}.
 21696 | D:15     | 21696 ||| UPGRADING to +4 broad axe.
 21712 | D:15     | 21712 ||| Stepping ~*~*~tactically~*~*~ (stealth).
 21714 | D:15     | 21714 ||| Stepping ~*~*~tactically~*~*~ (stealth).
 21716 | D:15     | 21716 ||| Stepping ~*~*~tactically~*~*~ (stealth).
 21718 | D:15     | 21718 ||| Stepping ~*~*~tactically~*~*~ (stealth).
 21720 | D:15     | 21720 ||| Stepping ~*~*~tactically~*~*~ (stealth).
 21730 | D:15     | 21730 ||| Stepping ~*~*~tactically~*~*~ (hiding).
 21860 | D:15     | Reached skill level 17 in Axes
 21936 | D:15     | 21936 ||| Stepping ~*~*~tactically~*~*~ (stealth).
 21940 | D:15     | 21940 ||| INVOKING Heroism.
 21996 | D:15     | 21996 ||| INVOKING Heroism.
 22005 | D:15     | HP: 26/107 [freezing wraith (11)]
 22006 | D:15     | 22006 ||| READING 2 scrolls of teleportation.
 22007 | D:15     | HP: 3/107 [freezing wraith (10)]
 22010 | D:15     | 22010 ||| Stepping ~*~*~tactically~*~*~ (hiding).
 22011 | D:15     | 22011 ||| READING scroll of teleportation.
 22354 | D:15     | Identified the +12 morningstar of Inference {drain, rElec
                  | Str+3}
 22358 | D:15     | 22358 ||| INVOKING Heroism.
 22409 | D:15     | 22409 ||| Stepping ~*~*~tactically~*~*~ (stealth).
 22440 | D:15     | 22440 ||| INVOKING Heroism.
 22606 | D:15     | Identified the +3 war axe of Drought {holy, rElec rN++
                  | Int-2}
 22614 | D:15     | Identified the +6 scale mail of the Trees {rPois Int+6}
 22661 | D:15     | Noticed an acid blob
 22662 | D:15     | 22662 ||| Stepping ~*~*~tactically~*~*~ (hiding).
 22666 | D:15     | 22666 ||| INVOKING Heroism.
 22667 | D:15     | an acid blob changed into a rockslime
 22667 | D:15     | Noticed a rockslime (glowing shapeshifter)
 22672 | D:15     | Killed a rockslime
 22776 | D:15     | 22776 ||| Stepping ~*~*~tactically~*~*~ (stealth).
 22777 | D:15     | 22777 ||| Stepping ~*~*~tactically~*~*~ (stealth).
 22778 | D:15     | 22778 ||| Stepping ~*~*~tactically~*~*~ (stealth).
 22779 | D:15     | 22779 ||| Stepping ~*~*~tactically~*~*~ (stealth).
 22780 | D:15     | 22780 ||| Stepping ~*~*~tactically~*~*~ (stealth).
 22783 | D:15     | 22783 ||| Stepping ~*~*~tactically~*~*~ (stealth).
 22785 | D:15     | 22785 ||| Stepping ~*~*~tactically~*~*~ (hiding).
 22818 | D:15     | 22818 ||| Stepping ~*~*~tactically~*~*~ (stealth).
 22827 | D:15     | 22827 ||| Stepping ~*~*~tactically~*~*~ (stealth).
 22925 | D:15     | 22925 ||| Stepping ~*~*~tactically~*~*~ (hiding).
 22926 | D:15     | 22926 ||| Stepping ~*~*~tactically~*~*~ (hiding).
 22927 | D:15     | 22927 ||| Stepping ~*~*~tactically~*~*~ (hiding).
 22928 | D:15     | 22928 ||| Stepping ~*~*~tactically~*~*~ (hiding).
 22929 | D:15     | 22929 ||| Stepping ~*~*~tactically~*~*~ (hiding).
 23070 | D:15     | 23070 ||| Stepping ~*~*~tactically~*~*~ (hiding).
 23117 | D:15     | 23117 ||| Stepping ~*~*~tactically~*~*~ (hiding).
 23127 | D:15     | 23127 ||| INVOKING Heroism.
 23131 | D:15     | Reached skill level 18 in Axes
 23243 | D:15     | Found a staircase to the Depths.
 23272 | D:15     | 23272 ||| Stepping ~*~*~tactically~*~*~ (stealth).
 23274 | D:15     | 23274 ||| Stepping ~*~*~tactically~*~*~ (hiding).
 23394 | D:15     | 23394 ||| PLANNING ORC
 23394 | D:15     | 23394 ||| DROPPING +1 pair of boots of flying.
 23395 | D:15     | 23395 ||| READING 8 scrolls of identify.
 23395 | D:15     | 23395 ||| IDENTIFYING murky emerald potion
 23598 | Orc:1    | Entered Level 1 of the Orcish Mines
 23629 | Orc:1    | 23629 ||| Stepping ~*~*~tactically~*~*~ (stealth).
 23632 | Orc:1    | 23632 ||| Stepping ~*~*~tactically~*~*~ (stealth).
 23636 | Orc:1    | 23636 ||| Stepping ~*~*~tactically~*~*~ (hiding).
 23923 | Orc:2    | Entered Level 2 of the Orcish Mines
 23924 | Orc:2    | 23924 ||| Stepping ~*~*~tactically~*~*~ (hiding).
 23985 | Orc:2    | Noticed qw's ghost (adept GrFi)
 24043 | Orc:2    | Found a transporter.
 24114 | Orc:2    | Found a one-way gate to the infinite horrors of the Abyss.
 24119 | Orc:2    | 24119 ||| Stepping ~*~*~tactically~*~*~ (stealth).
 24121 | Orc:2    | 24121 ||| Stepping ~*~*~tactically~*~*~ (stealth).
 24123 | Orc:2    | 24123 ||| Stepping ~*~*~tactically~*~*~ (stealth).
 24125 | Orc:2    | 24125 ||| Stepping ~*~*~tactically~*~*~ (stealth).
 24127 | Orc:2    | 24127 ||| Stepping ~*~*~tactically~*~*~ (stealth).
 24132 | Orc:2    | 24132 ||| Stepping ~*~*~tactically~*~*~ (stealth).
 24143 | Orc:2    | Found a transporter.
 24146 | Orc:2    | 24146 ||| INVOKING Heroism.
 24165 | Orc:2    | HP: 20/107 [orc knight/+1 antimagic halberd (13)]
 24166 | Orc:2    | 24166 ||| READING 2 scrolls of teleportation.
 24172 | Orc:2    | 24172 ||| READING scroll of teleportation.
 24196 | Orc:2    | HP: 19/107 [cyclops (7)]
 24198 | Orc:2    | 24198 ||| INVOKING Heroism.
 24225 | Orc:2    | 24225 ||| INVOKING Heroism.
 24277 | Orc:2    | 24277 ||| Stepping ~*~*~tactically~*~*~ (stealth).
 24280 | Orc:2    | 24280 ||| Stepping ~*~*~tactically~*~*~ (stealth).
 24300 | Orc:2    | 24300 ||| FLEEEEING.
 24301 | Orc:2    | 24301 ||| INVOKING Heroism.
 24378 | Orc:2    | 24378 ||| FLEEEEING.
 24381 | Orc:2    | 24381 ||| Stepping ~*~*~tactically~*~*~ (hiding).
 24382 | Orc:2    | 24382 ||| INVOKING Heroism.
 24383 | Orc:2    | 24383 ||| Stepping ~*~*~tactically~*~*~ (hiding).
 24386 | Orc:2    | 24386 ||| Stepping ~*~*~tactically~*~*~ (hiding).
 24425 | Orc:2    | 24425 ||| Stepping ~*~*~tactically~*~*~ (stealth).
 24582 | Orc:2    | 24582 ||| Stepping ~*~*~tactically~*~*~ (stealth).
 24585 | Orc:2    | 24585 ||| INVOKING Heroism.
 24623 | Orc:2    | Found Afahyi's Antique Weapon Boutique.
 24626 | Orc:2    | Found Ifefuog's General Store.
 24630 | Orc:2    | Found Taho's Book Boutique.
 24632 | Orc:2    | 24632 ||| INVOKING Heroism.
 24717 | Orc:2    | 24717 ||| BUYING glowing morningstar (217 gold).
 24717 | Orc:2    | Bought a glowing morningstar for 217 gold pieces
 24717 | Orc:2    | 24717 ||| BUYING jewelled war axe (263 gold).
 24717 | Orc:2    | Bought a jewelled war axe for 263 gold pieces
 24717 | Orc:2    | Identified the +1 war axe of Ascent {protect, rCorr Str-4
                  | Dex+3} (You bought it in a shop on level 2 of the Orcish
                  | Mines)
 24717 | Orc:2    | 24717 ||| DROPPING -1 demon whip of venom.
 24718 | Orc:2    | 24718 ||| DROPPING +9 hand axe of Slow Death {freeze,
                  | rCorr}.
 24719 | Orc:2    | 24719 ||| DROPPING +1 flail of holy wrath.
 24720 | Orc:2    | 24720 ||| DROPPING +0 morningstar.
 24737 | Orc:2    | 24737 ||| BUYING +1 troll leather armour "Imolell" {Regen+
                  | rCorr Dex+3} (544 gold).
 24737 | Orc:2    | Bought the +1 troll leather armour "Imolell" {Regen+ rCorr
                  | Dex+3} for 544 gold pieces
 24737 | Orc:2    | 24737 ||| BUYING scroll of teleportation (42 gold).
 24737 | Orc:2    | Bought a scroll of teleportation for 42 gold pieces
 24807 | Orc:2    | 24807 ||| Stepping ~*~*~tactically~*~*~ (stealth).
 24809 | Orc:2    | 24809 ||| Stepping ~*~*~tactically~*~*~ (hiding).
 24942 | Orc:2    | 24942 ||| UPGRADING to +1 plate armour of fire resistance.
 24952 | Orc:2    | 24952 ||| DROPPING +4 chain mail.
 24953 | Orc:2    | 24953 ||| DROPPING +1 chain mail of fire resistance.
 24954 | Orc:2    | 24954 ||| DROPPING +0 fire dragon scales.
 24955 | Orc:2    | 24955 ||| READING 2 scrolls of enchant armour.
 24955 | Orc:2    | 24955 ||| ENCHANTING +1 plate armour of fire resistance.
 24956 | Orc:2    | 24956 ||| READING scroll of enchant armour.
 24956 | Orc:2    | 24956 ||| ENCHANTING +2 plate armour of fire resistance.
 24957 | Orc:2    | 24957 ||| DROPPING +3 ring mail "Kasumm" {rF+ rC+ Slay+3}.
 25052 | Orc:2    | Found a staircase to the Elven Halls.
 25061 | Orc:2    | Found Vief's Magic Scroll Shoppe.
 25063 | Orc:2    | 25063 ||| Stepping ~*~*~tactically~*~*~ (hiding).
 25065 | Orc:2    | 25065 ||| Stepping ~*~*~tactically~*~*~ (hiding).
 25066 | Orc:2    | 25066 ||| Stepping ~*~*~tactically~*~*~ (hiding).
 25067 | Orc:2    | 25067 ||| Stepping ~*~*~tactically~*~*~ (hiding).
 25217 | Orc:1    | 25217 ||| Stepping ~*~*~tactically~*~*~ (stealth).
 25223 | Orc:1    | 25223 ||| INVOKING Heroism.
 25259 | Orc:1    | HP: 18/107 [orc priest/divine providence (11)]
 25260 | Orc:1    | 25260 ||| READING scroll of teleportation.
 25265 | Orc:1    | HP: 6/107 [orc priest/divine providence (13)]
 25310 | Orc:1    | 25310 ||| INVOKING Heroism.
 25313 | Orc:1    | HP: 22/107 [orc priest/+2 hand axe of distortion (2)]
 25315 | Orc:1    | 25315 ||| Stepping ~*~*~tactically~*~*~ (hiding).
 25316 | Orc:1    | 25316 ||| Stepping ~*~*~tactically~*~*~ (hiding).
 25320 | Orc:1    | 25320 ||| Stepping ~*~*~tactically~*~*~ (hiding).
 25321 | Orc:1    | 25321 ||| Stepping ~*~*~tactically~*~*~ (hiding).
 25334 | Orc:1    | 25334 ||| Stepping ~*~*~tactically~*~*~ (stealth).
 25336 | Orc:1    | 25336 ||| Stepping ~*~*~tactically~*~*~ (stealth).
 25347 | Orc:1    | 25347 ||| Stepping ~*~*~tactically~*~*~ (stealth).
 25349 | Orc:1    | 25349 ||| Stepping ~*~*~tactically~*~*~ (stealth).
 25353 | Orc:1    | 25353 ||| Stepping ~*~*~tactically~*~*~ (stealth).
 25356 | Orc:1    | 25356 ||| INVOKING Heroism.
 25370 | Orc:1    | HP: 26/107 [orc warrior/+1 war axe of flaming (4)]
 25380 | Orc:1    | HP: 18/107 [warg (10)]
 25386 | Orc:1    | Reached skill level 9 in Armour
 25386 | Orc:1    | Reached XP level 17. HP: 20/112 MP: 24/24
 25386 | Orc:1    | Slain by an orc warrior

Levels and vault maps discovered:
D:1:      dpeg_arrival_pits, layout_loops_ring
D:2:      minmay_alternating_diamond, layout_loops_corners,
          grunt_decor_mini_mirrors
D:3:      layout_rooms, roderic_roman_lattice, serial_park_tiny_1,
          chequers_serial_rivers_large_b, nrook_mini_vaults,
          minmay_misc_feat_room
D:4:      layout_basic, mainiacjoe_overflow_alcove_1, hangedman_decor_lopped,
          uniq_pikel, uniq_sigmund, uniq_eustachio
D:5:      layout_rooms, serial_shops, nicolae_shop_statue_plus, st_stairs_6,
          nicolae_nh_ransacked_shop
D:6:      layout_basic, enter_ossuary_2, kennysheep_nub,
          hangedman_minor_gate_pass
D:7:      layout_cave_pools, old_standard_altar,
          minmay_temple_entry_gardened_gates, serial_glass, glass_columns_b,
          glass_columns_c, glass_columns_a, glass_columns_a, glass_columns_c,
          glass_columns_a
D:8:      layout_loops_ring, serial_shops, nicolae_shop_hallway_plus,
          uniq_gastronok
D:9:      layout_cave_pools, cheibriados_altar_1, hellmonk_lair_entry_icy,
          enter_bailey_4, serial_shops, nicolae_lakefront_shop
D:10:     layout_rooms, chequers_temple_overflow_minitemple, hiddenorc2_lemuel,
          minmay_bent, uniq_urug
D:11:     layout_cave_pools, nicolae_underground_beach, uniq_sonja
D:12:     layout_rooms, portal_ice_cave_demonic_guard,
          gammafunk_ghost_fury_of_okawaru, kennysheep_generic_room_12,
          uniq_frances
D:13:     layout_gridville, serial_shops, shop
D:14:     layout_stronghold, grunt_vaults_entry_tiered, hangedman_decor_opposing
D:15:     hangedman_slaughterboxes
Temple:   dpeg_chambers_temple
Lair:1:   layout_hall_layers, lemuel_fruit_tree, serial_bayou_shore_b,
          serial_bayou_shore_a, grunt_megastairs_5
Lair:2:   layout_cave_pods, minmay_shoals_entry_centaurs, grunt_megastairs_3,
          uniq_amaemon
Lair:3:   layout_gridlike, dummy_spider_entry, uniq_kirke, uniq_rupert
Lair:4:   layout_hall_layers, infiniplex_staircase_pool
Lair:5:   evilmike_catoblepas_cave, layout_hall_layers, slime_entry_1,
          ice2_lemuel
Orc:1:    layout_diamond_mine, minmay_orc_temple_c
Orc:2:    grunt_orc_cross, layout_diamond_mine, gammafunk_ghost_abyssal_escape,
          serial_shops, nicolae_shop_just_a_little_nook

Skill      XL: |  1  2  3  4  5  6  7  8  9 10 11 12 13 14 15 16 |
---------------+-------------------------------------------------+-----
Axes           | 2 3 4 7 9 10 11 12 14 15 16 18 | 18.0
Fighting       | 5 6 8 9 10 11 13 14 | 14.6
Dodging        | 1 2 3 4 5 |  5.1
Armour         | 4 5 6 7 9 |  9.0
Shields        | 4 5 6 7 9 11 14 | 14.0
Throwing       | 1 3 4 6 |  6.0
Invocations    | 4 9 10 | 10.0

Action                     |  1- 3 |  4- 6 |  7- 9 | 10-12 | 13-15 | 16-18 || total
---------------------------+-------+-------+-------+-------+-------+-------++-------
  Melee: War axe           |    70 |   113 |   255 |   402 |   581 |       ||  1421
         Kick              |     5 |     1 |       |       |       |       ||     6
         Broad axe         |       |       |       |       |   187 |   333 ||   520
         Eveningstar       |       |       |       |       |     3 |    19 ||    22
  Throw: Boomerang         |       |       |    51 |    24 |    73 |    25 ||   173
         Javelin           |       |       |       |    38 |   104 |    33 ||   175
 Invoke: Heroism           |       |       |       |    20 |    33 |    21 ||    74
         Finesse           |       |       |       |       |     2 |     1 ||     3
    Use: Scroll            |     2 |     3 |     9 |    11 |     9 |     9 ||    43
         Potion            |     1 |       |     2 |     4 |     6 |       ||    13
   Stab: Distracted        |       |       |       |       |     1 |     1 ||     2
         Petrified         |       |       |       |       |       |     6 ||     6
         Petrifying        |       |       |       |       |       |     1 ||     1
         Sleeping          |       |       |       |       |       |     1 ||     1
 Armour: Scale mail        |    17 |       |       |       |       |       ||    17
         Chain mail        |    13 |    89 |   153 |   204 |    17 |       ||   476
         Ring mail         |       |       |       |       |   362 |   119 ||   481
         Plate armour      |       |       |       |       |       |    26 ||    26
  Dodge: Dodged            |    21 |    30 |    99 |   156 |   339 |   140 ||   785
         Repelled          |       |       |       |       |     4 |     9 ||    13
  Block: Buckler           |    10 |    16 |    39 |    85 |   164 |       ||   314
         Kite shield       |       |       |       |       |    60 |   206 ||   266

Table legend:
 A = Non-vault XP
 B = Vault XP
 C = Vault XP percentage of total XP
 D = Non-vault monster count
 E = Vault monster count
 F = Vault count percentage of total count
                 A         B        C        D         E       F
            +---------+---------+-------+---------+---------+-------
      Total |   77018 |  104644 |  57.6 |     469 |     331 |  41.4
            +---------+---------+-------+---------+---------+-------
        D:1 |      28 |       0 |   0.0 |      17 |       0 |   0.0
        D:2 |      51 |      13 |  20.3 |      24 |       1 |   4.0
        D:3 |      55 |       0 |   0.0 |      18 |       0 |   0.0
        D:4 |     219 |    1046 |  82.7 |      25 |       3 |  10.7
        D:5 |     828 |     135 |  14.0 |      18 |       6 |  25.0
        D:6 |     875 |     365 |  29.4 |      22 |       7 |  24.1
        D:7 |     633 |       0 |   0.0 |       5 |       0 |   0.0
        D:8 |    1486 |    1555 |  51.1 |      25 |       2 |   7.4
        D:9 |    2139 |    1017 |  32.2 |      24 |      10 |  29.4
       D:10 |    3171 |    3981 |  55.7 |      13 |      42 |  76.4
       D:11 |    2112 |    1642 |  43.7 |      13 |       5 |  27.8
       D:12 |   11188 |    2475 |  18.1 |      26 |       4 |  13.3
       D:13 |    8573 |       0 |   0.0 |      31 |       0 |   0.0
       D:14 |   12117 |    8230 |  40.4 |      21 |      25 |  54.3
       D:15 |    1617 |   52189 |  97.0 |       7 |      82 |  92.1
     Lair:1 |    2603 |     460 |  15.0 |      16 |       2 |  11.1
     Lair:2 |    5298 |    2372 |  30.9 |      22 |       8 |  26.7
     Lair:3 |    1606 |    3868 |  70.7 |       9 |       5 |  35.7
     Lair:4 |    7390 |       0 |   0.0 |      35 |       0 |   0.0
     Lair:5 |    9481 |   13367 |  58.5 |      34 |      38 |  52.8
      Orc:1 |    2105 |    3865 |  64.7 |      29 |      27 |  48.2
      Orc:2 |    3443 |    7521 |  68.6 |      35 |      36 |  50.7
    Ossuary |       0 |     543 | 100.0 |       0 |      28 | 100.0
            +---------+---------+-------+---------+---------+-------
